TOP OF THE 1ST |
Arkansas Travelers batting - Pitching for Jackson Generals : RHP Takaaki Nakada
|
Pitching: RHP Takaaki Nakada
|
|
Batting: RHB Mike Alm
|
0-0: Called Strike 0-1: Called Strike 0-2: Foul Ball, location: 2F 0-2: Hit by Pitch
|
Batting: LHB Rusty Ney
|
0-0: Ball 1-0: Ball 2-0: Foul Ball, location: 2F 2-1: Foul Ball, location: 2F 2-2: Ball 3-2: Grounds into double play, 4-6-3 (Groundball, 13, EV 85.0 MPH)
|
Batting: RHB Oren Jones
|
0-0: Called Strike 0-1: Foul Ball, location: 2F 0-2: Reached on error, E6 (Groundball, 6, EV 101.2 MPH)
|
Batting: SHB Mario Padron
|
0-0: Ball 1-0: Called Strike 1-1: Foul Ball, location: 2F 1-2: Fly out, F7 (Flyball, 7, EV 83.1 MPH)
|
Top of the 1st over - 0 runs, 0 hits, 1 error, 1 left on base; Arkansas 0 - Jackson 0 |
BOTTOM OF THE 1ST |
Jackson Generals batting - Pitching for Arkansas Travelers : RHP Erick Vazquez
|
Pitching: RHP Erick Vazquez
|
|
Batting: LHB Caleb Domino
|
0-0: Called Strike 0-1: Ball 1-1: Foul Ball, location: 2F 1-2: Foul Ball, location: 2F 1-2: Ball 2-2: Foul Ball, location: 2F 2-2: Strikes out swinging
|
Batting: RHB Eddie LaRose
|
0-0: Ball 1-0: Foul Ball, location: 2F 1-1: Ball 2-1: Called Strike 2-2: Ball 3-2: Ground out 5-3 (Groundball, 56, EV 85.0 MPH)
|
Batting: RHB Ivan Colon
|
0-0: Foul Ball, location: 2F 0-1: Foul Ball, location: 2F 0-2: Ball 1-2: Strikes out looking
|
Bottom of the 1st over - 0 runs, 0 hits, 0 errors, 0 left on base; Arkansas 0 - Jackson 0 |
TOP OF THE 2ND |
Arkansas Travelers batting - Pitching for Jackson Generals : RHP Takaaki Nakada
|
Batting: RHB Luis Romero
|
0-0: Foul Ball, location: 2F 0-1: Swinging Strike 0-2: Ball 1-2: Hit by Pitch
|
Batting: RHB Jose Pineda
|
0-0: Ball 1-0: Ball 2-0: Grounds into double play, 4-6-3 (Groundball, 4, EV 88.1 MPH)
|
Batting: SHB Ivan Barry
|
0-0: Ball 1-0: Swinging Strike 1-1: Fly out, F1 (Line Drive, P, EV 70.6 MPH)
|
Top of the 2nd over - 0 runs, 0 hits, 0 errors, 0 left on base; Arkansas 0 - Jackson 0 |
BOTTOM OF THE 2ND |
Jackson Generals batting - Pitching for Arkansas Travelers : RHP Erick Vazquez
|
Batting: LHB Cliff Thomas
|
0-0: Fly out, F7 (Flyball, 78D, EV 90.6 MPH)
|
Batting: RHB Tony Vargas
|
0-0: Foul Ball, location: 2F 0-1: Ball 1-1: Ground out 4-3 (Groundball, 4, EV 76.9 MPH)
|
Batting: LHB Dwain Ashford
|
0-0: Ball 1-0: Ground out U3 (Groundball, 34, EV 96.2 MPH)
|
Bottom of the 2nd over - 0 runs, 0 hits, 0 errors, 0 left on base; Arkansas 0 - Jackson 0 |
TOP OF THE 3RD |
Arkansas Travelers batting - Pitching for Jackson Generals : RHP Takaaki Nakada
|
Batting: RHB Ryan Pelletier
|
0-0: Ball 1-0: Ball 2-0: Ball 3-0: Called Strike 3-1: Foul Ball, location: 2F 3-2: Foul Ball, location: 2F 3-2: Strikes out swinging
|
Batting: LHB Barrfhionn O'Toole
|
0-0: Foul Ball, location: 2F 0-1: Foul Ball, location: 2F 0-2: Fly out, F7 (Line Drive, 7S, EV 111.9 MPH)
|
Batting: RHB Mike Alm
|
0-0: Ball 1-0: Ball 2-0: Swinging Strike 2-1: Fly out, F5 (Line Drive, 5, EV 69.4 MPH)
|
Top of the 3rd over - 0 runs, 0 hits, 0 errors, 0 left on base; Arkansas 0 - Jackson 0 |
BOTTOM OF THE 3RD |
Jackson Generals batting - Pitching for Arkansas Travelers : RHP Erick Vazquez
|
Batting: RHB Malik Brookshire
|
0-0: Ball 1-0: Foul Ball, location: 2F 1-1: Fly out, F8 (Flyball, 8RXD, EV 110.0 MPH)
|
Batting: LHB Jerrod Cluck
|
0-0: Fly out, F6 (Line Drive, 6, EV 70.6 MPH)
|
Batting: RHB Harutomi Matsubara
|
0-0: Ball 1-0: Ball 2-0: Ball 3-0: Called Strike 3-1: Foul Ball, location: 2F 3-2: Strikes out swinging
|
Bottom of the 3rd over - 0 runs, 0 hits, 0 errors, 0 left on base; Arkansas 0 - Jackson 0 |
TOP OF THE 4TH |
Arkansas Travelers batting - Pitching for Jackson Generals : RHP Takaaki Nakada
|
Batting: LHB Rusty Ney
|
0-0: DOUBLE (Line Drive, 9LM, EV 98.1 MPH)
|
Batting: RHB Oren Jones
|
0-0: Called Strike 0-1: Foul Ball, location: 2F 0-2: Ball 1-2: Ball 2-2: Fly out, F7 (Line Drive, 7, EV 93.1 MPH)
|
Batting: SHB Mario Padron
|
0-0: Ball 1-0: 2-RUN HOME RUN (Line Drive, 9D, EV 107.5 MPH), Distance : 402 ft
|
Batting: RHB Luis Romero
|
0-0: Foul Ball, location: 2F 0-1: Foul Ball, location: 2F 0-2: Ball 1-2: Foul Ball, location: 2F 1-2: Ball 2-2: Ball 3-2: SINGLE (Line Drive, 78S, EV 105.6 MPH)
|
Batting: RHB Jose Pineda
|
0-0: Ball Wild Pitch! Luis Romero to second 1-0: SINGLE (Line Drive, 9S, EV 95.0 MPH) Luis Romero to third Runner from 3rd tries for Home, SAFE, throw by RF to home
|
Batting: SHB Ivan Barry
|
0-0: Ball 1-0: Hit by Pitch Jose Pineda to second
|
Batting: RHB Ryan Pelletier
|
0-0: Ball 1-0: Grounds into double play, 5-4-3 (Groundball, 5, EV 95.0 MPH)
|
Top of the 4th over - 3 runs, 4 hits, 0 errors, 1 left on base; Arkansas 3 - Jackson 0 |
BOTTOM OF THE 4TH |
Jackson Generals batting - Pitching for Arkansas Travelers : RHP Erick Vazquez
|
Batting: LHB Caleb Domino
|
0-0: Ball 1-0: Foul Ball, location: 2F 1-1: Foul Ball, location: 2F 1-2: Ball 2-2: Ball 3-2: Ground out 6-3 (Groundball, 6MS, EV 71.2 MPH)
|
Batting: RHB Eddie LaRose
|
0-0: Fly out, F8 (Line Drive, 8RM, EV 86.2 MPH)
|
Batting: RHB Ivan Colon
|
0-0: Swinging Strike 0-1: Foul Ball, location: 2F 0-2: Ball 1-2: Ground out 5-3 (Groundball, 5, EV 103.8 MPH)
|
Bottom of the 4th over - 0 runs, 0 hits, 0 errors, 0 left on base; Arkansas 3 - Jackson 0 |
TOP OF THE 5TH |
Arkansas Travelers batting - Pitching for Jackson Generals : RHP Takaaki Nakada
|
Batting: LHB Barrfhionn O'Toole
|
0-0: Called Strike 0-1: Called Strike 0-2: Ball 1-2: Fly out, F4 (Line Drive, 4, EV 72.5 MPH)
|
Batting: RHB Mike Alm
|
0-0: Ball 1-0: Ball 2-0: Called Strike 2-1: Ball 3-1: Called Strike 3-2: Strikes out swinging
|
Batting: LHB Rusty Ney
|
0-0: Foul Ball, location: 2F 0-1: Foul Ball, location: 2F 0-2: Foul Ball, location: 2F 0-2: Ball 1-2: Foul Ball, location: 2F 1-2: Strikes out swinging
|
Top of the 5th over - 0 runs, 0 hits, 0 errors, 0 left on base; Arkansas 3 - Jackson 0 |
BOTTOM OF THE 5TH |
Jackson Generals batting - Pitching for Arkansas Travelers : RHP Erick Vazquez
|
Batting: LHB Cliff Thomas
|
0-0: Fly out, F8 (Line Drive, 8LD, EV 95.0 MPH)
|
Batting: RHB Tony Vargas
|
0-0: Swinging Strike 0-1: Swinging Strike 0-2: Ball 1-2: Ball 2-2: Ball 3-2: Fly out, F8 (Flyball, 8RD, EV 91.2 MPH)
|
Batting: LHB Dwain Ashford
|
0-0: Foul Ball, location: 2F 0-1: Called Strike 0-2: SINGLE (Flyball, 5D, EV 83.1 MPH)
|
Batting: RHB Malik Brookshire
|
0-0: Ball 1-0: Foul Ball, location: 2F 1-1: Swinging Strike 1-2: Ball 2-2: Fly out, F6 (Flyball, 6D, EV 81.2 MPH)
|
Bottom of the 5th over - 0 runs, 1 hit, 0 errors, 1 left on base; Arkansas 3 - Jackson 0 |
TOP OF THE 6TH |
Arkansas Travelers batting - Pitching for Jackson Generals : RHP Takaaki Nakada
|
Batting: RHB Oren Jones
|
0-0: Ball 1-0: Fly out, F7 (Flyball, 78S, EV 83.8 MPH)
|
Batting: SHB Mario Padron
|
0-0: Ground out 4-3 (Groundball, 34S, EV 87.5 MPH)
|
Batting: RHB Luis Romero
|
0-0: Ball 1-0: SINGLE (Line Drive, 8RS, EV 109.4 MPH)
|
Batting: RHB Jose Pineda
|
0-0: Ball 1-0: Foul Ball, location: 2F 1-1: Ground out 3-1 (Groundball, 34S, EV 86.9 MPH)
|
Top of the 6th over - 0 runs, 1 hit, 0 errors, 1 left on base; Arkansas 3 - Jackson 0 |
BOTTOM OF THE 6TH |
Jackson Generals batting - Pitching for Arkansas Travelers : RHP Erick Vazquez
|
Batting: LHB Jerrod Cluck
|
0-0: Foul Ball, location: 2F 0-1: Swinging Strike 0-2: Strikes out swinging
|
Batting: RHB Harutomi Matsubara
|
0-0: Foul Ball, location: 2F 0-1: Foul Ball, location: 2F 0-2: Ball 1-2: Ball 2-2: SINGLE (Groundball, 6, EV 95.0 MPH)
|
Batting: LHB Caleb Domino
|
0-0: Called Strike 0-1: Ball 1-1: Ball 2-1: Foul Ball, location: 2F 2-2: DOUBLE (Line Drive, 7LS, EV 106.2 MPH) Harutomi Matsubara to third Runner from 3rd tries for Home, SAFE, no throw by LF
|
Batting: RHB Eddie LaRose
|
0-0: Ball 1-0: Ball 2-0: Fly out, F7 (Line Drive, 7D, EV 96.9 MPH) Runner from 2nd tags up, SAFE at 3rd, no throw by LF
|
Batting: RHB Ivan Colon
|
0-0: Ball 1-0: Foul Ball, location: 2F 1-1: Ball 2-1: Ball 3-1: Foul Ball, location: 2F 3-2: Strikes out looking
|
Bottom of the 6th over - 1 run, 2 hits, 0 errors, 1 left on base; Arkansas 3 - Jackson 1 |
TOP OF THE 7TH |
Arkansas Travelers batting - Pitching for Jackson Generals : RHP Takaaki Nakada
|
Batting: SHB Ivan Barry
|
0-0: Called Strike 0-1: Foul Ball, location: 2F 0-2: Ball 1-2: Strikes out swinging
|
Pitching: RHP Aidan Martin
|
|
Batting: RHB Ryan Pelletier
|
0-0: Ball 1-0: Ground out 6-3 (Groundball, 6, EV 88.1 MPH)
|
Batting: LHB Barrfhionn O'Toole
|
0-0: Ball 1-0: Foul Ball, location: 2F 1-1: Ball 2-1: Swinging Strike 2-2: Strikes out swinging
|
Top of the 7th over - 0 runs, 0 hits, 0 errors, 0 left on base; Arkansas 3 - Jackson 1 |
BOTTOM OF THE 7TH |
Jackson Generals batting - Pitching for Arkansas Travelers : RHP Erick Vazquez
|
Batting: LHB Cliff Thomas
|
0-0: Hit by Pitch
|
Batting: RHB Tony Vargas
|
0-0: Foul Ball, location: 2F 0-1: Called Strike 0-2: Ball 1-2: Ball 2-2: Foul Ball, location: 2F 2-2: Ball 3-2: Fly out, F7 (Line Drive, 7, EV 98.1 MPH)
|
Pitching: LHP Brandon Davis
|
|
Batting: RHB Robby Cuellar
|
0-0: Foul Ball, location: 2F 0-1: Ball 1-1: Ball Wild Pitch! Cliff Thomas to second 2-1: Ball 3-1: Foul Ball, location: 2F 3-2: Strikes out swinging
|
Pitching: RHP Simon Vogel
|
|
Batting: RHB Malik Brookshire
|
0-0: Ball 1-0: Foul Ball, location: 2F 1-1: Ball 2-1: Foul Ball, location: 2F 2-2: Ball 3-2: Strikes out looking
|
Bottom of the 7th over - 0 runs, 0 hits, 0 errors, 1 left on base; Arkansas 3 - Jackson 1 |
TOP OF THE 8TH |
Arkansas Travelers batting - Pitching for Jackson Generals : RHP Aidan Martin
|
Batting: RHB Mike Alm
|
0-0: Ball 1-0: Called Strike 1-1: Foul Ball, location: 2F 1-2: Strikes out swinging
|
Batting: LHB Rusty Ney
|
0-0: Ball 1-0: Ball 2-0: Foul Ball, location: 2F 2-1: Ground out 4-3 (Groundball, 4S, EV 69.4 MPH)
|
Batting: RHB Oren Jones
|
0-0: SINGLE (Line Drive, 56, EV 103.1 MPH)
|
Batting: SHB Mario Padron
|
0-0: Ball 1-0: Called Strike 1-1: Called Strike 1-2: Strikes out swinging
|
Top of the 8th over - 0 runs, 1 hit, 0 errors, 1 left on base; Arkansas 3 - Jackson 1 |
BOTTOM OF THE 8TH |
Jackson Generals batting - Pitching for Arkansas Travelers : RHP Simon Vogel
|
Batting: LHB Jerrod Cluck
|
0-0: Foul Ball, location: 2F 0-1: Ball 1-1: Ball 2-1: Foul Ball, location: 2F 2-2: Foul Ball, location: 2F 2-2: Foul Ball, location: 2F 2-2: Foul Ball, location: 2F 2-2: Ground out 6-3 (Groundball, 6, EV 86.2 MPH)
|
Batting: RHB Harutomi Matsubara
|
0-0: Ball 1-0: Ball 2-0: Swinging Strike 2-1: Ground out U3 (Groundball, 3, EV 93.8 MPH)
|
Batting: LHB Caleb Domino
|
0-0: Swinging Strike 0-1: Ball 1-1: Foul Ball, location: 2F 1-2: Foul Ball, location: 2F 1-2: Ball 2-2: Ball 3-2: Foul Ball, location: 2F 3-2: Base on Balls
|
Pitching: RHP Danny Nava
|
|
Batting: RHB Eddie LaRose
|
0-0: Called Strike 0-1: Ball 1-1: Foul Ball, location: 2F 1-2: Ball 2-2: Ball 3-2: Foul Ball, location: 2F 3-2: Strikes out looking
|
Bottom of the 8th over - 0 runs, 0 hits, 0 errors, 1 left on base; Arkansas 3 - Jackson 1 |
TOP OF THE 9TH |
Arkansas Travelers batting - Pitching for Jackson Generals : RHP Aidan Martin
|
Batting: RHB Luis Romero
|
0-0: Called Strike 0-1: Foul Ball, location: 2F 0-2: Strikes out swinging
|
Batting: RHB Jose Pineda
|
0-0: Ball 1-0: Ball 2-0: Called Strike 2-1: Foul Ball, location: 2F 2-2: Ball 3-2: DOUBLE (Line Drive, 89XD, EV 104.4 MPH)
|
Batting: SHB Ivan Barry
|
0-0: Ball 1-0: Ball Jose Pineda steals 3rd base 2-0: Called Strike 2-1: Foul Ball, location: 2F 2-2: Strikes out swinging
|
Batting: RHB Ryan Pelletier
|
0-0: Ball 1-0: Ground out 5-3 (Groundball, 5, EV 78.1 MPH)
|
Top of the 9th over - 0 runs, 1 hit, 0 errors, 1 left on base; Arkansas 3 - Jackson 1 |
BOTTOM OF THE 9TH |
Jackson Generals batting - Pitching for Arkansas Travelers : RHP Danny Nava
|
Pitching: RHP Eric Cunningham
|
|
Batting: RHB Ivan Colon
|
0-0: Called Strike 0-1: Ball 1-1: Called Strike 1-2: Ground out 4-3 (Groundball, 6MD, EV 102.5 MPH)
|
Batting: LHB Cliff Thomas
|
0-0: Called Strike 0-1: Ball 1-1: Swinging Strike 1-2: Foul Ball, location: 2F 1-2: Ball 2-2: Ball 3-2: SINGLE (Groundball, 4MD, EV 95.0 MPH)
|
Batting: RHB Tony Vargas
|
0-0: Ball 1-0: Called Strike 1-1: Called Strike 1-2: Ball 2-2: Foul Ball, location: 2F 2-2: Ball 3-2: Grounds into double play, 5-4-3 (Groundball, 56S, EV 83.1 MPH)
|
Bottom of the 9th over - 0 runs, 1 hit, 0 errors, 0 left on base; Arkansas 3 - Jackson 1 |
|